 Dungeon Crawl Stone Soup version 0.22.1-2-g9c5b331 (webtiles) character file.

889 Lilu the Ducker (level 7, -3/36 HPs)
             Began as a Deep Elf Wizard on Nov 15, 2018.
             Was a Follower of Sif Muna.
             Shot with an arrow by a centaur (5 damage)
             ... on level 6 of the Dungeon.
             The game lasted 00:32:57 (7106 turns).

Lilu the Ducker (Deep Elf Wizard)                   Turns: 7106, Time: 00:32:58

Health: -3/36      AC:  3    Str:  6    XL:     7   Next: 77%
Magic:  19/26      EV: 11    Int: 23    God:    Sif Muna [*.....]
Gold:   281        SH:  2    Dex: 13    Spells: 8/17 levels left

rFire    . . .     SeeInvis .   g - -3 spear (curse)
rCold    . . .     Gourm    .   (no shield)
rNeg     . . .     Faith    .   v - +0 leather armour
rPois    .         Spirit   .   b - +0 hat
rElec    .         Reflect  +   (no cloak)
rCorr    .         Harm     .   (no gloves)
MR       .....                  (no boots)
Stlth    ++........             z - +2 amulet of reflection
HPRegen  0.12/turn              j - ring of magical power
MPRegen  0.20/turn              w - -3 ring of evasion (curse)

@: divine energy
A: no striking features
a: Stop Divine Energy, Renounce Religion


You were on level 6 of the Dungeon.
You worshipped Sif Muna.
Sif Muna was aware of your devotion.
You were not hungry.

You visited 1 branch of the dungeon, and saw 6 of its levels.
You also visited: Sewer.

You collected 281 gold pieces.

Inventory:

Hand Weapons
 g - a cursed -3 spear (weapon)
 m - a +2 hand axe of electrocution
Missiles
 h - 40 arrows
 s - 6 javelins (quivered)
 x - a poisoned tomahawk
 y - 5 tomahawks
Armour
 a - a +0 robe
 b - a +0 hat (worn)
 e - a +0 shield
 v - a +0 leather armour (worn)
Magical Staves
 i - an uncursed staff of fire {unknown}
Jewellery
 j - a ring of magical power (left hand)
 q - an uncursed ring of poison resistance
 r - an uncursed ring of resist corrosion
 w - a cursed -3 ring of evasion (right hand)
 z - a +2 amulet of reflection (around neck)
Scrolls
 c - 2 scrolls of fear
 n - 2 scrolls of amnesia
 o - 3 scrolls of teleportation
 p - 3 scrolls of magic mapping
 A - a scroll of identify
 C - a scroll of remove curse {unknown}
Potions
 f - 2 potions of heal wounds {unknown}
 k - 3 potions of magic {unknown}
 l - 2 potions of ambrosia {unknown}
 t - 3 potions of agility
 u - 4 potions of flight {unknown}
 B - 4 potions of curing
 D - a potion of cancellation {unknown}
Comestibles
 d - 10 rations
 E - a chunk of flesh


   Skills:
 + Level 6.4 Dodging
 - Level 2.4 Stealth
 - Level 0.2 Shields
 + Level 5.8 Spellcasting
 - Level 6.2 Conjurations
 - Level 3.6 Summonings
   Level 1.1 Translocations
 + Level 0.4 Poison Magic


You had 8 spell levels left.
You knew the following spells:

 Your Spells              Type           Power        Failure   Level  Hunger
a - Magic Dart            Conj           ####         1%          1    None
b - Conjure Flame         Conj/Fire      ###.....     11%         3    #......
c - Call Imp              Summ           ###.....     4%          2    None
d - Mephitic Cloud        Conj/Pois/Air  ###.....     16%         3    #......

Your spell library contained the following spells:

 Spells                   Type           Power        Failure   Level  Hunger
 Blink                    Tloc           N/A          13%         2    None
 Beastly Appendage        Tmut           #.....       14%         1    None
 Slow                     Hex            #.......     21%         2    None
 Sticks to Snakes         Tmut           #.......     21%         2    None
 Spider Form              Tmut/Pois      #.........   36%         3    #......
 Ice Form                 Ice/Tmut       #.......     80%         4    ###....
 Blade Hands              Tmut           #.........   98%         5    #####..


Dungeon Overview and Level Annotations

Branches:
Dungeon (6/15)
 Temple: D:4-7

Altars:
Ashenzari
Fedhas
Kikubaaqudgha
Okawaru
Qazlal
Sif Muna
Uskayaw
Wu Jian

Shops:
D:5 ?


Message History

Your crimson imp hits the centaur but does no damage.
You see here 2 arrows.
You swap places.
Something hits your crimson imp. The quokka barely misses you.
You swap places.
The quokka bites you.
* * * LOW HITPOINT WARNING * * *
The centaur wields an uncursed shortbow.
The centaur shoots an arrow.
The arrow closely misses your white imp.
The arrow barely misses your shadow imp.
The arrow barely misses you. The quokka bites you.
* * * LOW HITPOINT WARNING * * *
Your crimson imp hits the centaur.
The centaur shoots an arrow.
The arrow hits your white imp!
Your white imp dies!
The quokka closely misses you.
Your crimson imp hits the centaur.
The centaur shoots an arrow.
The arrow hits your shadow imp!
The centaur shoots an arrow.
The arrow barely misses your shadow imp.
The arrow hits you.
You die...

#. ... #.## ####
######..# #...
#5c.....## #...
#5#####..# #...
..######.######.####...
.......................
.####r..###...........
#..@...##.........##
#......##.........#
...<.(...#######..###
#..####.#### ##.# #.
#.# #.# # #.# #.# ..#
..#


You could see a centaur, a quokka, a friendly crimson imp and a friendly shadow
imp.

Vanquished Creatures
  An ogre (D:5)
  A centaur (D:5)
  2 crimson imps (D:5)
  A bullfrog skeleton (D:3)
  An orc priest (D:3)
  A hound (D:4)
  An orc wizard (D:4)
  A howler monkey skeleton (D:4)
  3 adders (D:3)
  4 worms
  2 dart slugs
  3 leopard geckos
  9 orcs
  2 ball pythons (D:3)
  7 giant cockroaches
  12 goblins
  13 hobgoblins
  5 jackals
  8 kobolds
  3 quokkas
  8 bats
  3 frilled lizards
  A quokka skeleton (D:4)
  20 rats
112 creatures vanquished.

Vanquished Creatures (collateral kills)
  Sigmund (D:2)
  Eustachio (D:5)
  An ice beast (D:5)
  An ogre (D:5)
  A big kobold (Sewer)
  2 orc wizards (D:3)
  2 orc priests
  2 iguanas
  2 worker ants
  A worker ant zombie (D:5)
  An adder (D:5)
  A worm (D:5)
  7 orcs
  A quokka (D:5)
24 creatures vanquished.

Grand Total: 136 creatures vanquished

Notes
Turn   | Place    | Note
-------+----------+-------------------------------------------
     0 | D:1      | Lilu the Deep Elf Wizard began the quest for the Orb.
     0 | D:1      | Reached XP level 1. HP: 10/10 MP: 7/7
   288 | D:1      | Reached XP level 2. HP: 15/15 MP: 3/9
  1122 | D:2      | Reached XP level 3. HP: 19/19 MP: 10/10
  1215 | D:2      | Learned a level 3 spell: Conjure Flame
  1606 | D:2      | Found a deep blue altar of Sif Muna.
  1612 | D:2      | Became a worshipper of Sif Muna the Loreminder
  1620 | D:2      | Found a blossoming altar of Fedhas.
  1805 | D:2      | Noticed Sigmund
  2250 | D:2      | Found an ornate altar of the Wu Jian Council.
  2464 | D:3      | Reached XP level 4. HP: 24/24 MP: 12/12
  2866 | D:3      | Reached XP level 5. HP: 28/28 MP: 13/13
  3528 | D:3      | Learned a level 2 spell: Call Imp
  3895 | D:2      | Killed Sigmund
  3895 | D:2      | Reached skill level 5 in Dodging
  3895 | D:2      | Reached skill level 5 in Conjurations
  3895 | D:2      | Reached XP level 6. HP: 32/32 MP: 14/14
  4429 | D:4      | Reached * piety under Sif Muna
  5142 | D:5      | Entered Level 5 of the Dungeon
  5271 | D:5      | Reached XP level 7. HP: 35/36 MP: 1/16
  5337 | D:5      | Found an iron altar of Okawaru.
  5448 | D:5      | Reached skill level 5 in Spellcasting
  5492 | D:5      | Noticed Eustachio
  5550 | D:5      | Found a hide-covered altar of Uskayaw.
  5553 | D:5      | Found an ancient bone altar of Kikubaaqudgha.
  5594 | D:5      | Found a glowing drain.
  5603 | Sewer    | Entered a sewer
  5904 | Sewer    | Found a glowing silver altar of Zin.
  6020 | D:5      | Found a shattered altar of Ashenzari.
  6028 | D:5      | Found a stormy altar of Qazlal.
  6167 | D:5      | Killed Eustachio
  6315 | D:5      | HP: 1/36 [centaur (8)]
  6400 | D:5      | Found Sorhaun's Magic Scroll Shop.
  6639 | D:5      | Learned a level 3 spell: Mephitic Cloud
  7106 | D:6      | Shot with an arrow by a centaur

Skill      XL: |  1  2  3  4  5  6  7 |
---------------+----------------------+-----
Dodging        | 3 4 5 6 |  6.4
Conjurations   | 2 3 4 5 6 |  6.2
Summonings     | 2 3 |  3.6
Spellcasting   | 5 |  5.8
Stealth        | |  2.4
Shields        | |  0.2
Translocations | |  1.1
Poison Magic   | |  0.4

Action                   |  1- 3 |  4- 6 |  7- 9 || total
-------------------------+-------+-------+-------++-------
Melee: Spear             |    13 |     8 |    24 ||    45
Throw: Javelin           |       |     4 |       ||     4
 Cast: Magic Dart        |   109 |   130 |    32 ||   271
       Conjure Flame     |     2 |    11 |     4 ||    17
       Call Imp          |       |    29 |    56 ||    85
Invok: Divine Energy     |       |       |     1 ||     1
  Use: Scroll            |       |     6 |     1 ||     7
       Potion            |       |       |     1 ||     1
  Eat: Chunk             |     5 |     8 |     7 ||    20
Armor: Robe              |     9 |     2 |     9 ||    20
       Leather armour    |       |       |     1 ||     1
Dodge: Dodged            |    31 |    13 |    43 ||    87
Block: Other             |       |     1 |     4 ||     5
